 Dungeon Crawl Stone Soup version 0.29.1-12-g30fa7ad0bf (webtiles) character file.

Game seed: 5614711131922293765

123 concernfroge the Trooper (level 4, -9/39 HPs)
             Began as a Mummy Monk on Dec 24, 2022.
             Killed from afar by an orc wizard (16 damage)
             ... with a puff of flame
             ... on level 3 of the Dungeon.
             The game lasted 00:07:00 (2908 turns).

concernfroge the Trooper (Mummy Monk)               Turns: 2908, Time: 00:07:01

Health: -9/39      AC: 13    Str: 16    XL:     4   Next: 80%
Magic:  4/4        EV:  7    Int:  9    God:
Gold:   4          SH:  0    Dex: 14    Spells: 3/3 levels left

rFire   x . .      SeeInvis .   a - +1 spear
rCold   + . .      Faith    .   (no shield)
rNeg    + + +      Spirit   .   k - +0 chain mail
rPois   ∞          Reflect  .   b - +1 helmet
rElec   .          Harm     .   (no cloak)
rCorr   .          Rampage  .   f - +2 pair of gloves
Will    .....                   (no boots)
Stlth   ..........              (no amulet)
HPRegen 0.13/turn               g - ring of flight
MPRegen 0.09/turn               (no ring)

@: flying
A: cold resistance 1, negative energy resistance 3, torment resistance 2, heat
vulnerability 1, in touch with death 1, no potions
a: no special abilities


You were on level 3 of the Dungeon.
You visited 1 branch of the dungeon, and saw 3 of its levels.

You collected 103 gold pieces.
You spent 99 gold pieces at shops.

Inventory:

Hand Weapons
 a - a +1 spear (weapon)
Missiles
 c - 2 poisoned darts
 d - 19 stones (quivered)
 h - 3 curare-tipped darts
Armour
 b - a +1 helmet (worn)
 f - a +2 pair of gloves (worn)
 k - a +0 chain mail (worn)
Jewellery
 g - a ring of flight (left hand)
Scrolls
 e - 3 scrolls of identify
 i - a scroll of fog


   Skills:
 + Level 5.6 Fighting
 - Level 2.4 Polearms
 - Level 2.4 Dodging
 - Level 1.5 Stealth


You had 3 spell levels left.
You didn't know any spells.
Your spell library contained the following spells:

 Spells                   Type           Power      Damage    Failure   Level
 Apportation              Tloc           0%         N/A       100%        1
 Inner Flame              Hex/Fire       0%         N/A       100%        3
 Animate Dead             Necr           0%         N/A       100%        4
 Cause Fear               Hex            0%         N/A       100%        4
 Alistair's Intoxication  Tmut/Pois      0%         N/A       100%        5
 Haunt                    Necr/Summ      0%         N/A       100%        7
 Discord                  Hex            0%         N/A       100%        8
 Infestation              Necr           0%         N/A       100%        8


Dungeon Overview and Level Annotations

Branches:
Dungeon (3/15)

Altars:
Uskayaw

Shops:
D:3 (*(


Innate Abilities, Weirdness & Mutations

You are immune to poison.
Your flesh is cold resistant. (rC+)
You are immune to negative energy. (rN+++)
You are immune to unholy pain and torment.
You are vulnerable to heat. (rF-)
You are in touch with the powers of death.
You do not drink.


Message History

The orc wizard hits you but does no damage.
You hit the orc wizard but do no damage.
The orc wizard is heavily wounded.
The orc wizard hits you with a +0 dagger.
* * * LOW HITPOINT WARNING * * *
You hit the orc wizard.
The orc wizard is severely wounded.
The orc wizard gestures wildly while chanting.
The orc wizard flickers and vanishes!
Deactivating autopickup; reactivate with Ctrl-A.
You barely miss the orc wizard.
The orc wizard is severely wounded.
The orc wizard completely misses something.
As you read the scroll of identify, it crumbles to dust.
j - a scroll of enchant weapon The orc wizard closely misses something.
The orc wizard hits itself with a +0 dagger.
Okay, then.
As you read the scroll of enchant weapon, it crumbles to dust.
Your +0 spear glows red for a moment.
You hit the orc wizard but do no damage.
The orc wizard is almost dead.
You hit the orc wizard.
You kill the orc wizard!
You closely miss something. Something hits you.
* * * LOW HITPOINT WARNING * * *
You hit something. Something hits you but does no damage.
You miss something. Something completely misses you.
You hit something. Something hits you.
* * * LOW HITPOINT WARNING * * *
You aren't carrying any items that you can evoke.
Okay, then.
You closely miss something. Something hits you.
* * * LOW HITPOINT WARNING * * *
You barely miss something. Something hits you but does no damage.
You hit something.
You hear some strange, mumbled words.
A puff of flame appears from out of thin air!
The puff of flame hits you! The fire burns you terribly!
You die...

### # #.. ##.##..
##### ...#...
...#######.......
##.#.............
#..........#.....
#####..#.#####.# #..
#.o{@..........####..
#.###..#.#.†##.##....
#)# #..#.#..##.##.##.
#.# ##.#.....).#...#.
#.# #.###..###......
#.# #.###...........
#.# #.....<###......
#.# #.###### ##>..#.
#.# #.# ##.##.


You could see an orc.

Vanquished Creatures
  An orc wizard (D:3)
  A gnoll (D:2)
  2 adders (D:2)
  3 worms
  4 dart slugs
  2 orcs (D:3)
  3 ball pythons (D:2)
  3 endoplasms
  4 giant cockroaches (D:1)
  5 goblins
  2 hobgoblins
  4 jackals (D:1)
  3 kobolds
  3 quokkas
  2 bats
  2 frilled lizards
  9 rats
53 creatures vanquished.

Notes
Turn   | Place    | Note
-------+----------+-------------------------------------------
     0 | D:1      | concernfroge the Mummy Monk began the quest for the Orb.
     0 | D:1      | Reached XP level 1. HP: 18/18 MP: 1/1
   151 | D:1      | Found a faded altar of an unknown god.
   315 | D:1      | Reached XP level 2. HP: 17/24 MP: 2/2
   528 | D:1      | Reached skill level 4 in Fighting
   813 | D:1      | Gained mutation: You are in touch with the powers of death.
                  | [Mummy growth]
   813 | D:1      | Reached XP level 3. HP: 16/30 MP: 3/3
  1908 | D:2      | Reached XP level 4. HP: 16/38 MP: 4/4
  1913 | D:2      | Reached skill level 5 in Fighting
  2575 | D:3      | Found Ucsuh's General Store.
  2580 | D:3      | Bought a scroll of identify for 22 gold pieces
  2580 | D:3      | Bought 3 curare-tipped darts for 19 gold pieces
  2580 | D:3      | Bought 3 stones for 3 gold pieces
  2580 | D:3      | Bought 4 stones for 4 gold pieces
  2580 | D:3      | Bought a scroll of fog for 44 gold pieces
  2582 | D:3      | Found Golyfiga's Antique Weapon Shoppe.
  2588 | D:3      | Found Zast's Weapon Shoppe.
  2688 | D:3      | Bought 5 stones for 5 gold pieces
  2688 | D:3      | Bought 2 stones for 2 gold pieces
  2780 | D:3      | Found a hide-covered altar of Uskayaw.
  2908 | D:3      | Killed from afar by an orc wizard

Illustrated notes

Levels and vault maps discovered:
D:1:      scummos_arrival_gate, layout_basic, hellmonk_ecumenical_altar_run_dry
D:2:      layout_rooms, serial_forest, infiniplex_forest_straight_2,
          infiniplex_forest_lined_2, infiniplex_forest_lined_ring,
          infiniplex_forest_corner_1, infiniplex_forest_lined_corner,
          infiniplex_forest_lined_2, minmay_indecisive_spiral
D:3:      layout_loops_ring, overflow_temple_1_default, serial_shops,
          nicolae_shop_stone, nicolae_shop_hallway_plus, shop, uniq_jessica,
          uniq_natasha

Skill      XL: |  1  2  3  4 |
---------------+-------------+-----
Fighting       | 4 5 |  5.6
Polearms       | |  2.4
Dodging        | |  2.4
Stealth        | |  1.5

Action                   |  1- 3 |  4- 6 || total
-------------------------+-------+-------++-------
Melee: Spear             |   193 |   111 ||   304
       Punch             |     1 |     1 ||     2
Throw: Stone             |       |     1 ||     1
  Use: Scroll            |       |     4 ||     4
 Stab: Sleeping          |     7 |     2 ||     9
       Distracted        |     1 |       ||     1
Armor: Robe              |     2 |       ||     2
       Skin              |    26 |     6 ||    32
       Chain mail        |       |    28 ||    28
Dodge: Dodged            |   119 |    44 ||   163
